 Dungeon Crawl Stone Soup version 0.24-a0-217-g1152973 (webtiles) character file.

Game seed: 821395637074839167

14023 xeno23 the Covert (level 12, 0/80 HPs)
             Began as an Octopode Assassin on Mar 29, 2019.
             Was a Follower of Uskayaw.
             Slain by Jorgrun
             ... wielding an uncursed staff of earth
              (17 damage)
             ... while petrified by Jorgrun
             ... on level 1 of the Orcish Mines.
             The game lasted 01:26:14 (12444 turns).

xeno23 the Covert (Octopode Assassin)              Turns: 12444, Time: 01:26:15

Health: 0/80       AC:  1    Str: 12    XL:     12   Next: 12%
Magic:  6/16       EV: -1    Int: 16    God:    Uskayaw [*.....]
Gold:   817        SH:  0    Dex: 25    Spells: 9/11 levels left

rFire    . . .     SeeInvis .   s - +0 blowgun
rCold    . . .     Gourm    .   j - +0 buckler
rNeg     + + +     Faith    .   (helmet restricted)
rPois    ∞         Spirit   .   K - +3 amulet of reflection
rElec    +         Reflect  +   (no ring)
rCorr    .         Harm     .   m - +5 ring of dexterity
MR       .....                  O - +2 ring of intelligence
Stlth    +++++++...             Q - +4 ring of dexterity
HPRegen  0.23/turn              (no ring)
MPRegen  0.15/turn              (no ring)
                                (no ring)
                                (no ring)

@: petrified, grasped by roots, constricted
A: almost no armour, stealthy swim, amphibious, 8 rings, constrict 8, camouflage
1, sense surroundings 1, electricity resistance, gelatinous body 1
a: Stomp, Renounce Religion


You were on level 1 of the Orcish Mines.
You worshipped Uskayaw.
Uskayaw was noncommittal.
You were hungry.

You visited 3 branches of the dungeon, and saw 13 of its levels.
You also visited: Sewer.

You collected 1125 gold pieces.
You spent 308 gold pieces at shops.

Inventory:

Hand Weapons
 a - a +2 antimagic short sword
 d - a +2 dagger
 s - a +0 blowgun (weapon)
 J - a +0 hunting sling
 L - a +0 long sword of slicing
 W - a +4 demon trident
Missiles
 c - 75 poisoned needles (quivered)
 l - 80 sling bullets
 I - 3 throwing nets
Armour
 j - a +0 buckler (worn)
Jewellery
 m - a +5 ring of dexterity (right tentacle)
 r - an uncursed ring of fire
 H - an uncursed amulet of the acrobat
 K - a +3 amulet of reflection (around mantle)
 O - a +2 ring of intelligence (on tentacle)
 Q - a +4 ring of dexterity (on tentacle)
Wands
 o - a wand of enslavement (2)
 q - a wand of random effects (16)
 v - a wand of acid (14)
 B - a wand of polymorph (25)
 N - a wand of clouds (5)
Scrolls
 b - 3 scrolls of fear
 e - 4 scrolls of remove curse
 g - 5 scrolls of teleportation
 u - 3 scrolls of immolation
 w - 3 scrolls of enchant armour {unknown}
 y - 2 scrolls of random uselessness {unknown}
 A - 3 scrolls of blinking
 C - 4 scrolls of magic mapping
 D - 3 scrolls of amnesia
 E - 3 scrolls of fog {unknown}
 P - a scroll of identify
 R - 2 scrolls of enchant weapon {unknown}
 U - a scroll of silence {unknown}
 X - a scroll of vulnerability {unknown}
Potions
 h - 5 potions of lignification
 i - 2 potions of magic
 k - 3 potions of brilliance
 n - 4 potions of heal wounds
 p - 2 potions of invisibility {unknown}
 t - 5 potions of flight
 x - 2 potions of haste
 z - a potion of cancellation {unknown}
 F - 4 potions of curing
 G - 3 potions of might
Miscellaneous
 M - a box of beasts
Comestibles
 f - 25 rations
 S - 4 chunks of flesh


   Skills:
 + Level 6.5 Fighting
 * Level 9.2 Short Blades
 + Level 6.7 Throwing
 + Level 6.2 Dodging
 * Level 13.2 Stealth
 - Level 4.0 Shields
 * Level 4.8 Translocations
 + Level 4.5 Invocations
 + Level 6.2 Evocations


You had 9 spell levels left.
You knew the following spells:

 Your Spells              Type           Power        Failure   Level  Hunger
a - Blink                 Tloc           N/A          5%          2    ###....

Your spell library contained the following spells:

 Spells                   Type           Power        Failure   Level  Hunger
 Magic Dart               Conj           #...         26%         1    ##.....
 Call Imp                 Summ           #.......     36%         2    ###....
 Slow                     Hex            #.......     36%         2    ###....
 Conjure Flame            Conj/Fire      #.......     58%         3    ####...
 Mephitic Cloud           Conj/Pois/Air  #.......     58%         3    ####...
 Poison Arrow             Conj/Pois      #.........   100%        6    #######
 Chain Lightning          Conj/Air       #.........   100%        8    #######
 Lehudib's Crystal Spear  Conj/Erth      #.........   100%        8    #######
 Fire Storm               Conj/Fire      #.........   100%        9    #######
 Glaciate                 Conj/Ice       #.........   100%        9    #######


Dungeon Overview and Level Annotations

Branches:
Dungeon (11/15)            Temple (1/1) D:7             Orc (1/2) D:9
   Lair: D:8-11

Altars:
Ashenzari
Cheibriados
Dithmenos
Elyvilon
Fedhas
Gozag
Hepliaklqana
Kikubaaqudgha
Makhleb
Nemelex Xobeh
Okawaru
Qazlal
Ru
Sif Muna
Trog
Uskayaw
Vehumet
Wu Jian
Xom
Yredelemnul
Zin
The Shining One

Shops:
D:9 ?   Orc:1 *

Annotations:
D:8 2 transporters, Hasart's ghost, novice GrFi
Orc:1 Jorgrun


Innate Abilities, Weirdness & Mutations

You cannot wear most types of armour.
You are very stealthy in the water. (Stealth+)
You are amphibious.
You can wear up to eight rings at the same time.
You can use your tentacles to constrict eight enemies at once.
Your skin changes colour to match your surroundings (Stealth+).
Your rubbery body absorbs attacks. (AC +1, EV +1)
You passively map a small area around you.
You are resistant to electric shocks. (rElec)


Message History

Evoke which item? (* to show all) (? for menu, Esc to quit)
Aiming: Corrosive Bolt
Press: ? - help, Shift-Dir - straight line, f/p - Jorgrun
Aim: Jorgrun, wielding a staff of earth and wearing a +0 robe (lightly wounded, slow, poisoned)
The bolt of acid misses Jorgrun.
Jorgrun gestures at you while chanting.
Roots burst forth from the earth!
The grasping roots grab you! The grasping roots constrict you!!
Your juvenile weirdshock beast bursts into living lightning!
The living lightning hits Jorgrun.
Your juvenile weirdshock beast blinks!
You have turned to stone.
Jorgrun points at you and mumbles some strange words.
The iron shot hits you!!!
* * * LOW HITPOINT WARNING * * *
The grasping roots constrict you!! Jorgrun gestures at you while chanting.
You struggle to resist.
You die...

..((##...#.....# ....(.#.##..#.#
.....(.......## .........))...#
### , ..##.H.(#...# ##.## * *
###.g.#.## #...## , #####
###...## #....# ##.#.##### #...#
### ##....# *#......#.#
##@.####.####..#.## ##.^....#.#
###.....###.....##...
.........####...##...#......##...
....##....##....##......##.###...
....###....#....##.##....### #...
....# #.......###..##).#...# #.#.
....# #......>.###....###.## ####
...######.)....# ##....#..# ##...
...#...#)......# ###...#..# #....


You could see Jorgrun and a friendly juvenile weirdshock beast.

Vanquished Creatures
  Harold (Orc:1)
  2 two-headed ogres
  A queen ant (D:10)
  A flayed ghost (D:9)
  An orb spider (D:9)
  Joseph (D:7)
  Psyche (D:10)
  A yaktaur (D:9)
  A komodo dragon (D:7)
  A hornet (D:11)
  A meliai (D:9)
  Sigmund (D:4)
  Eustachio (D:4)
  A basilisk (D:9)
  A spriggan (D:8)
  5 yaks (D:9)
  4 wyverns
  Edmund (D:6)
  8 soldier ants (D:10)
  A water moccasin (D:5)
  6 orc warriors
  3 sky beasts
  Duvessa (D:4)
  2 ice beasts
  A black bear (D:9)
  5 centaurs
  2 phantoms (D:7)
  4 ogres
  Blork the orc (D:4)
  4 big kobolds
  A gnoll sergeant (D:9)
  4 bullfrogs
  Dowan (D:4)
  A scorpion (D:6)
  5 killer bees (D:9)
  4 wights (D:7)
  6 howler monkeys
  5 crimson imps
  A centaur zombie (D:5)
  2 centaur skeletons
  5 hounds
  6 jellies
  Crazy Yiuf (D:4)
  A bullfrog skeleton (D:9)
  5 orc priests
  13 orc wizards
  2 bullfrog zombies
  An iguana (D:8)
  18 worker ants
  2 hound skeletons (D:7)
  A worker ant zombie (D:11)
  6 gnolls
  A howler monkey skeleton (D:6)
  11 adders
  A river rat (D:6)
  2 shadow imps
  2 adder zombies (D:9)
  An adder skeleton (D:7)
  4 worms
  5 dart slugs
  7 leopard geckos
  38 orcs
  15 bats
  5 giant cockroaches
  6 goblins
  4 hobgoblins
  15 jackals
  4 quokkas
  2 ball pythons
  5 frilled lizards
  19 kobolds
  A leopard gecko skeleton (D:8)
  A quokka skeleton (D:8)
  A quokka zombie (D:7)
  18 rats
  6 plants (Sewer)
329 creatures vanquished.

Vanquished Creatures (collateral kills)
  An orc warrior (D:9)
  3 orcs (D:9)
4 creatures vanquished.

Vanquished Creatures (others)
  An unseen horror (D:9)
  A centaur (D:9)
  6 bushes (D:9)
  3 plants (D:9)
11 creatures vanquished.

Grand Total: 344 creatures vanquished

Notes
Turn   | Place    | Note
-------+----------+-------------------------------------------
     0 | D:1      | xeno23 the Octopode Assassin began the quest for the Orb.
     0 | D:1      | Reached XP level 1. HP: 14/14 MP: 1/1
    70 | D:1      | Reached XP level 2. HP: 19/19 MP: 2/2
   234 | D:1      | Reached XP level 3. HP: 23/24 MP: 3/3
   393 | D:1      | Reached skill level 6 in Stealth
   752 | D:2      | Reached XP level 4. HP: 22/29 MP: 1/4
  1138 | D:3      | Reached skill level 1 in Shields
  1147 | D:3      | Reached XP level 5. HP: 35/35 MP: 1/5
  1287 | D:3      | Found a faded altar of an unknown god.
  1647 | D:3      | Found an iron altar of Okawaru.
  1794 | D:4      | Noticed Blork the orc
  1809 | D:4      | Killed Blork the orc
  1886 | D:4      | Noticed Dowan
  1973 | D:4      | Noticed Sigmund
  2044 | D:4      | Noticed Eustachio
  2055 | D:4      | Killed Sigmund
  2055 | D:4      | Reached skill level 7 in Stealth
  2055 | D:4      | Reached XP level 6. HP: 39/41 MP: 2/6
  2095 | D:4      | Killed Eustachio
  2095 | D:4      | Reached skill level 1 in Evocations
  2095 | D:4      | Reached XP level 7. HP: 45/45 MP: 2/7
  2207 | D:4      | Found a runed translucent door.
  2208 | D:4      | Noticed Crazy Yiuf
  2248 | D:4      | Noticed Duvessa
  2283 | D:4      | Killed Duvessa
  2293 | D:4      | Killed Dowan
  2346 | D:4      | Killed Crazy Yiuf
  2420 | D:5      | Entered Level 5 of the Dungeon
  2500 | D:5      | Found a hazy altar of Hepliaklqana.
  2604 | D:5      | Reached skill level 8 in Stealth
  2604 | D:5      | Reached XP level 8. HP: 51/52 MP: 4/9
  2685 | D:5      | Found a glowing silver altar of Zin.
  2685 | D:5      | Noticed an angel
  2862 | D:5      | Noticed a wyvern
  2873 | D:5      | Killed a wyvern
  3139 | D:5      | Reached skill level 5 in Short Blades
  3466 | D:6      | Noticed Edmund
  3467 | D:6      | Found a stormy altar of Qazlal.
  3476 | D:6      | Killed Edmund
  3476 | D:6      | Reached skill level 9 in Stealth
  3491 | D:6      | Found an ancient bone altar of Kikubaaqudgha.
  3565 | D:6      | Reached XP level 9. HP: 17/58 MP: 3/11
  3755 | D:6      | Found a glowing drain.
  3765 | Sewer    | Entered a sewer
  5028 | D:7      | Noticed Joseph
  5058 | D:7      | Killed Joseph
  5058 | D:7      | Reached skill level 10 in Stealth
  5244 | D:7      | Found a staircase to the Ecumenical Temple.
  5249 | Temple   | Entered the Ecumenical Temple
  5455 | Temple   | Became a worshipper of Uskayaw the Reveler
  5520 | D:7      | Found a shadowy altar of Dithmenos.
  5529 | D:7      | Reached * piety under Uskayaw
  5555 | D:7      | Found an opulent altar of Gozag.
  5571 | D:7      | Reached ** piety under Uskayaw
  5756 | D:7      | Reached *** piety under Uskayaw
  5770 | D:7      | Reached **** piety under Uskayaw
  5782 | D:7      | Reached ***** piety under Uskayaw
  5784 | D:7      | Reached skill level 5 in Throwing
  6350 | D:8      | Reached skill level 1 in Invocations
  6350 | D:8      | Reached XP level 10. HP: 63/65 MP: 4/13
  6359 | D:8      | Found a transporter.
  6359 | D:8      | Found a transporter.
  6359 | D:8      | Noticed Hasart's ghost (novice GrFi)
  6406 | D:8      | Reached skill level 5 in Fighting
  6413 | D:8      | Reached skill level 11 in Stealth
  6663 | D:8      | Noticed a two-headed ogre
  6666 | D:8      | Found the +6 Majin-Bo {vamp, Archmagi MP+6 Int+6}
  7062 | D:8      | Reached skill level 5 in Dodging
  7403 | D:8      | Found a sacrificial altar of Ru.
  7520 | D:8      | Learned a level 2 spell: Blink
  7713 | D:8      | Killed a two-headed ogre
  7713 | D:8      | Reached skill level 1 in Translocations
  7713 | D:8      | Reached skill level 5 in Evocations
  7903 | D:10     | Entered Level 10 of the Dungeon
  8077 | D:10     | Noticed Maurice
  8144 | D:9      | Found a sparkling altar of Nemelex Xobeh.
  8155 | D:9      | Noticed a flayed ghost
  8479 | D:9      | HP: 3/67 [gnoll/+0 spear of distortion (3)]
  8561 | D:9      | Reached skill level 12 in Stealth
  8840 | D:9      | HP: 3/68 [something (7)]
  8857 | D:9      | Reached XP level 11. HP: 7/72 MP: 3/14
  9593 | D:9      | Found a staircase to the Orcish Mines.
  9652 | D:9      | Found Wuphup's Magic Scroll Shoppe.
  9706 | D:9      | Bought a scroll of identify for 32 gold pieces
  9706 | D:9      | Bought a scroll of identify for 32 gold pieces
  9706 | D:9      | Bought a scroll of identify for 32 gold pieces
  9706 | D:9      | Bought a scroll of identify for 32 gold pieces
  9706 | D:9      | Bought a scroll of blinking for 120 gold pieces
 10120 | D:9      | Noticed an orb spider
 10120 | D:9      | a troll changed into an orb spider
 10175 | D:9      | Killed a flayed ghost
 10484 | D:9      | Killed an orb spider
 10671 | Orc:1    | Entered Level 1 of the Orcish Mines
 10671 | Orc:1    | Found Tedumad's Assorted Antiques.
 10671 | Orc:1    | Noticed Urug
 10744 | D:10     | Noticed Psyche
 11009 | D:10     | Killed Psyche
 11226 | D:10     | Noticed Maurice
 11226 | D:10     | Maurice changed into Maurice the centaur
 11233 | D:10     | Killed Maurice the centaur
 11268 | D:10     | Noticed a queen ant
 11273 | D:10     | Killed a queen ant
 11622 | D:11     | Noticed a fire giant
 11622 | D:11     | Noticed a cyclops
 11623 | D:11     | Found the +7 great mace "Firestarter" {inner flame, rF++}
 11694 | Orc:1    | Noticed Urug
 11694 | Orc:1    | Urug changed into Urug the yaktaur
 11711 | D:9      | Killed Urug the yaktaur
 11711 | D:9      | Reached skill level 13 in Stealth
 12039 | Orc:1    | Bought a scroll labeled ZOUPER TUNE for 20 gold pieces
 12039 | Orc:1    | Bought a scroll of identify for 40 gold pieces
 12040 | Orc:1    | Gained mutation: You passively map a small area around you.
                  | [potion of mutation]
 12040 | Orc:1    | Gained mutation: You are resistant to electric shocks.
                  | (rElec) [potion of mutation]
 12091 | Orc:1    | Noticed Harold
 12104 | Orc:1    | Killed Harold
 12104 | Orc:1    | Reached XP level 12. HP: 80/80 MP: 5/16
 12115 | Orc:1    | Noticed a two-headed ogre
 12160 | Orc:1    | Killed a two-headed ogre
 12429 | Orc:1    | Noticed Jorgrun
 12444 | Orc:1    | Slain by Jorgrun

Levels and vault maps discovered:
D:1:      onia_arrival_larder, layout_rooms
D:2:      minmay_angry_zag, layout_basic, first_ration, grunt_ministairs_4
D:3:      layout_loops_ring, okawaru_gym_becter,
          chequers_ecumenical_altar_simple
D:4:      layout_rooms, hangedman_decor_clover_reticule, uniq_sigmund,
          uniq_eustachio, uniq_crazy_yiuf_cottage, uniq_blork_the_orc,
          uniq_duvessa
D:5:      layout_loops_corners, zin_angel, lemuel_crystal_altar
D:6:      layout_basic, old_standard_altar, marbit_many_paths,
          gup_sewer_entry_bubbles, minmay_misc_feat_room, uniq_edmund
D:7:      layout_cave_pools, lemuel_crystal_altar, temple_doors_e,
          serial_column_ruins, column_ruins_circle_large,
          column_ruins_hut_ruined, column_ruins_grid_3, column_ruins_grid_3,
          column_ruins_grid_1, column_ruins_columns_straight,
          column_ruins_corridor_straight, column_ruins_columns_straight,
          grunt_gozag_statues, uniq_joseph
D:8:      minmay_the_grid_octo_tiled_octocenter [minmay_the_grid_octo_empty,
          minmay_the_grid_octo_toaster, minmay_the_grid_octo_fat_diamond,
          minmay_the_grid_octo_fan_narrow,
          minmay_the_grid_octo_prize_square_snowflake,
          minmay_the_grid_square_5x5_meh, minmay_the_grid_square_5x5_z,
          minmay_the_grid_square_5x5_broken_cross,
          minmay_the_grid_square_5x5_minimal], layout_basic, basic_altar,
          gammafunk_ghost_smash, the_bakery, hangedman_decor_peaks_small
D:9:      wad_statue_garden, layout_loops_ring,
          nemelex_xobeh_ov_fountains_minmay, orc_0_dummy, serial_shops,
          shop_fountains
D:10:     layout_long_grid, minmay_another_anthill, uniq_psyche, uniq_maurice
D:11:     minmay_firetagon, layout_small_grid, david_lair_generic, basic_altar
Temple:   regret_index_temple_generic_petals
Orc:1:    layout_diamond_mine, serial_shops, nicolae_shop_statue_plus,
          nicolae_orc_stony_grotto, mines4_lemuel, uniq_harold, uniq_urug,
          uniq_jorgrun
Sewer:    sewer_co_scattered_pipes

Skill      XL: |  1  2  3  4  5  6  7  8  9 10 11 |
---------------+----------------------------------+-----
Stealth        | 6 7 8 9 10 12 13 | 13.2
Shields        | 1 2 3 4 |  4.0
Short Blades   | 3 4 5 6 8 9 |  9.2
Dodging        | 2 3 4 5 6 |  6.2
Throwing       | 3 4 5 6 |  6.7
Evocations     | 1 2 3 4 5 6 |  6.2
Fighting       | 3 4 5 6 |  6.5
Invocations    | 1 3 4 |  4.5
Translocations | 2 4 |  4.8

Action                   |  1- 3 |  4- 6 |  7- 9 | 10-12 || total
-------------------------+-------+-------+-------+-------++-------
Melee: Dagger            |    66 |       |       |     3 ||    69
       Constrict         |    15 |     6 |    59 |    52 ||   132
       Tentacles         |     9 |     9 |    93 |   100 ||   211
       Short sword       |     7 |    50 |   404 |   337 ||   798
       Whip              |       |       |     1 |       ||     1
       Blowgun           |       |       |       |     1 ||     1
 Fire: Blowgun           |       |     7 |    23 |   173 ||   203
       Hunting sling     |       |       |    36 |       ||    36
 Cast: Blink             |       |       |       |     4 ||     4
Invok: Stomp             |       |       |     1 |     1 ||     2
       Line Pass         |       |       |       |     1 ||     1
Evoke: Wand              |       |       |     5 |    13 ||    18
       Box of beasts     |       |       |       |     1 ||     1
  Use: Scroll            |       |     1 |    10 |     9 ||    20
       Potion            |       |       |     2 |     4 ||     6
 Stab: Sleeping          |    21 |    13 |    25 |    17 ||    76
       Distracted        |       |       |     1 |     4 ||     5
       Paralysed         |       |       |     1 |     4 ||     5
  Eat: Chunk             |       |     3 |    13 |    21 ||    37
Armor: Skin              |     6 |     8 |    27 |     4 ||    45
Dodge: Dodged            |    46 |    13 |   125 |   159 ||   343
Block: Buckler           |       |     2 |    57 |   118 ||   177
       Reflection        |       |       |     1 |     7 ||     8

Table legend:
 A = Non-vault XP
 B = Vault XP
 C = Vault XP percentage of total XP
 D = Non-vault monster count
 E = Vault monster count
 F = Vault count percentage of total count
                 A         B        C        D         E       F
            +---------+---------+-------+---------+---------+-------
      Total |    9583 |   10450 |  52.2 |     224 |     105 |  31.9
            +---------+---------+-------+---------+---------+-------
        D:1 |      48 |       8 |  14.3 |      24 |       7 |  22.6
        D:2 |      27 |       9 |  25.0 |      15 |       5 |  25.0
        D:3 |     113 |       0 |   0.0 |      21 |       0 |   0.0
        D:4 |       9 |     777 |  98.9 |       2 |       6 |  75.0
        D:5 |     922 |       0 |   0.0 |      22 |       0 |   0.0
        D:6 |     710 |     283 |  28.5 |      15 |       9 |  37.5
        D:7 |    1124 |     793 |  41.4 |      40 |       2 |   4.8
        D:8 |     915 |    2367 |  72.1 |      18 |      20 |  52.6
        D:9 |    3388 |    2083 |  38.1 |      37 |      14 |  27.5
       D:10 |     263 |    3037 |  92.0 |       9 |      21 |  70.0
       D:11 |     439 |       0 |   0.0 |       3 |       0 |   0.0
      Orc:1 |    1625 |    1023 |  38.6 |      18 |       1 |   5.3
      Sewer |       0 |      70 | 100.0 |       0 |      20 | 100.0
            +---------+---------+-------+---------+---------+-------
